 Dungeon Crawl Stone Soup version 0.21-a0-528-gf531e82 (webtiles) character file.

9074 Ijustatesigmund the Cleaver (level 11, -6/101 HPs)
             Began as a Hill Orc Artificer on Dec 7, 2017.
             Was a Priest of Cheibriados.
             Mangled by a brown ugly thing (11 damage)
             ... on level 9 of the Dungeon on Dec 8, 2017.
             The game lasted 00:37:39 (13787 turns).

Ijustatesigmund the Cleaver (Hill Orc Artificer)   Turns: 13787, Time: 00:37:40

Health: -6/101     AC: 15    Str: 24    XL:     11   Next: 40%
Magic:  15/28      EV: 12    Int: 24    God:    Cheibriados [***...]
Gold:   392        SH:  0    Dex: 22    Spells: 10/10 levels left

rFire    . . .     SeeInvis .   a - +1 broad axe
rCold    + . .     Gourm    .   (no shield)
rNeg     . . .     Faith    .   b - +1 chain mail {rC+}
rPois    .         Spirit   .   u - +3 hat of Pondering {ponderous, MR+ MP+10 Int+5}
rElec    .         Reflect  .   s - +0 cloak
rCorr    .         Harm     .   (no gloves)
MR       ++...                  (no boots)
Stlth    ..........             (no amulet)
HPRegen  0.26/turn              w - ring of protection from magic
MPRegen  0.21/turn              (no ring)

@: very slow
A: no striking features
a: Bend Time, Temporal Distortion, Renounce Religion


You were on level 9 of the Dungeon.
You worshipped Cheibriados.
Cheibriados was most pleased with you.
You were very hungry.

You visited 1 branch of the dungeon, and saw 9 of its levels.

You collected 392 gold pieces.

Inventory:

Hand Weapons
 a - a +1 broad axe (weapon)
Missiles
 r - 8 poisoned tomahawks (quivered)
Armour
 b - a +1 chain mail of cold resistance (worn)
 s - a +0 cloak (worn)
 u - the +3 hat of Pondering (worn) {ponderous, MR+ MP+10 Int+5}
   (You took it off Gastronok on level 8 of the Dungeon)

   It affects your intelligence (+5).
   It affects your resistance to hostile enchantments.
   It affects your magic capacity (+10).
Jewellery
 w - a ring of protection from magic (left hand)
Wands
 d - a wand of polymorph (10)
 e - a wand of iceblast (5)
Scrolls
 h - a scroll of blinking
 i - a scroll of enchant armour
 j - 6 scrolls of identify
 l - 4 scrolls of remove curse
 n - a scroll of magic mapping
 o - 2 scrolls of amnesia
 q - 2 scrolls of holy word
 v - 2 scrolls of fog
Potions
 m - a potion of brilliance
 p - a potion of flight
 t - a potion of resistance
Books
 c - a book of Misfortune

   Spells                             Type                      Level
   a - Confusing Touch                Hexes                        1
   b - Confuse                        Hexes                        3
   c - Gell's Gravitas                Translocation                3
   d - Petrify                        Transmutation/Earth          4
   e - Metabolic Englaciation         Hexes/Ice                    5
   f - Yara's Violent Unravelling     Hexes/Transmutation          5
Comestibles
 f - 4 bread rations
 g - 13 royal jellies
 k - 2 meat rations


   Skills:
 + Level 10.6 Fighting
   Level 1.0 Short Blades
 + Level 12.2 Axes
 - Level 7.0 Armour
 + Level 4.9 Dodging
 - Level 0.7 Stealth
 - Level 10.1 Invocations
 - Level 3.0 Evocations


You had 10 spell levels left.
You didn't know any spells.

Dungeon Overview and Level Annotations

Branches:
Dungeon (9/15)             Temple (0/1) D:5
   Lair: D:8-11         Orc: D:9-12

Altars:
Cheibriados
Elyvilon
Fedhas
Kikubaaqudgha
Nemelex Xobeh
Qazlal
The Shining One


Message History

The brown ugly thing pecks you.
* * * LOW HITPOINT WARNING * * *
You are splashed with acid!
The acid burns!
* * * LOW HITPOINT WARNING * * *
You slice the brown ugly thing!!
The brown ugly thing is almost dead.
The brown ugly thing pecks you.
* * * LOW HITPOINT WARNING * * *
You are splashed with acid!
The acid burns!
* * * LOW HITPOINT WARNING * * *
Okay, then.
Okay, then.
You barely miss the brown ugly thing.
The brown ugly thing is almost dead.
You feel a little less mighty now.
The brown ugly thing closely misses you.
You hit the brown ugly thing.
The brown ugly thing is almost dead.
The brown ugly thing pecks you!
You die...

#...# #... .# .#$!##
#...###### ..###O#.# F'$W##
###........# ...#..#. #OT##
............# #...... #O###
.............###.†# . ####
############..©##©.#.## #©
..............###).#..#..#
#####
........†.....###)...).....
#$###
........########@u(#..#..
..#$u## #####...# #..###.#
#.'(=## #...# #...# .#
..#$!##
#####...#########.... . .
#$###
..............####...# #
##### ...............# ####
#. ########.†###### ##
######.†# .####
........############ .....


You could see a brown ugly thing.

Vanquished Creatures
  Erica (D:9)
  A centaur warrior (D:9)
  A tengu warrior (D:9)
  Joseph (D:8)
  Maurice (D:8)
  3 trolls
  A hornet (D:7)
  Prince Ribbit (D:7)
  A basilisk (D:9)
  A hungry ghost (D:9)
  A water moccasin (D:8)
  Duvessa (D:7)
  4 orc warriors
  A phantom (D:7)
  2 ice beasts
  7 ogres
  A centaur (D:8)
  2 crocodiles (D:9)
  4 big kobolds
  5 bullfrogs
  Dowan (D:7)
  5 scorpions
  2 wyvern skeletons
  4 howler monkeys
  A bullfrog zombie (D:9)
  4 centaur skeletons
  6 hounds
  3 orc priests
  2 jellies (D:8)
  6 orc wizards
  A bullfrog skeleton (D:7)
  Terence (D:2)
  Natasha (thrice) (D:2)
  2 iguanas
  7 worker ants
  A worker ant zombie (D:8)
  10 adders
  8 gnolls
  A shadow imp (D:5)
  6 oozes
  An adder zombie (D:6)
  5 adder skeletons
  2 worms
  2 dart slugs
  4 leopard geckos
  29 orcs
  2 ball pythons
  6 bats
  7 giant cockroaches
  5 goblins
  6 hobgoblins
  4 jackals
  2 quokkas (D:3)
  4 frilled lizards
  32 kobolds
  2 leopard gecko skeletons
  5 rats
232 creatures vanquished.

Vanquished Creatures (collateral kills)
  Gastronok (D:8)
  2 gnolls
  2 orcs (D:8)
  A bat (D:3)
  A hobgoblin (D:3)
  A quokka (D:8)
  A rat (D:3)
9 creatures vanquished.

Vanquished Creatures (others)
  A black bear (D:8)
  A jelly (D:8)
  An orc wizard (D:7)
  A gnoll (D:5)
  An orc (D:8)
5 creatures vanquished.

Grand Total: 246 creatures vanquished

Notes
Turn   | Place    | Note
-------+----------+-------------------------------------------
     0 | D:1      | Ijustatesigmund the Hill Orc Artificer began the quest for the Orb.
     0 | D:1      | Reached XP level 1. HP: 16/16 MP: 3/3
   221 | D:1      | Reached XP level 2. HP: 21/25 MP: 4/4
   756 | D:1      | Reached skill level 1 in Armour
   756 | D:1      | Reached XP level 3. HP: 22/31 MP: 5/5
  1170 | D:2      | Noticed Terence
  1180 | D:2      | Killed Terence
  1276 | D:2      | Reached XP level 4. HP: 40/40 MP: 6/6
  2186 | D:2      | Noticed Natasha
  2195 | D:2      | Killed Natasha
  2223 | D:2      | Noticed Natasha
  2235 | D:2      | Killed Natasha
  2235 | D:2      | Reached XP level 5. HP: 12/47 MP: 7/7
  2517 | D:2      | Reached skill level 5 in Fighting
  2636 | D:2      | Noticed Natasha
  2643 | D:2      | Killed Natasha
  2643 | D:2      | Reached XP level 6. HP: 51/56 MP: 8/8
  2811 | D:2      | Found a stormy altar of Qazlal.
  2811 | D:2      | Found a glowing golden altar of the Shining One.
  3779 | D:3      | Found a snail-covered altar of Cheibriados.
  3781 | D:3      | Became a worshipper of Cheibriados the Contemplative
  4126 | D:4      | Reached skill level 1 in Axes
  4379 | D:4      | Reached skill level 1 in Invocations
  4490 | D:4      | Reached skill level 2 in Axes
  4964 | D:4      | Reached skill level 3 in Axes
  5157 | D:4      | Reached XP level 7. HP: 35/61 MP: 9/9
  5365 | D:4      | Reached skill level 4 in Axes
  6280 | D:5      | Entered Level 5 of the Dungeon
  6353 | D:5      | Reached skill level 5 in Axes
  6406 | D:5      | Reached skill level 5 in Invocations
  6629 | D:5      | Found a staircase to the Ecumenical Temple.
  6658 | D:5      | Reached XP level 8. HP: 42/69 MP: 10/12
  6793 | D:5      | Reached skill level 6 in Axes
  7596 | D:5      | Reached * piety under Cheibriados
  8352 | D:6      | Reached skill level 7 in Axes
  8691 | D:6      | You fall through a shaft for 2 floors!
  8691 | D:8      | Noticed Gastronok
  9008 | D:8      | Reached skill level 8 in Axes
  9288 | D:8      | Reached XP level 9. HP: 75/75 MP: 15/15
  9398 | D:8      | Reached ** piety under Cheibriados
  9466 | D:8      | Noticed Joseph
  9496 | D:8      | Noticed a troll
  9496 | D:8      | Killed Gastronok
  9496 | D:8      | Reached skill level 9 in Axes
  9496 | D:8      | Reached skill level 5 in Armour
  9508 | D:8      | Killed a troll
  9836 | D:8      | Found a blossoming altar of Fedhas.
  9974 | D:7      | Noticed Prince Ribbit
 10002 | D:7      | Reached *** piety under Cheibriados
 10245 | D:7      | Noticed a hornet
 10255 | D:7      | Reached XP level 10. HP: 87/88 MP: 17/17
 10272 | D:7      | Paralysed by a hornet for 2 turns
 10784 | D:7      | Noticed Duvessa
 10785 | D:7      | Noticed Dowan
 10811 | D:7      | Killed Duvessa
 10818 | D:7      | Killed Prince Ribbit
 10818 | D:7      | Reached skill level 10 in Axes
 10818 | D:7      | Reached skill level 10 in Invocations
 10833 | D:7      | Killed Dowan
 11631 | D:6      | Found a sparkling altar of Nemelex Xobeh.
 11631 | D:6      | Found a white marble altar of Elyvilon.
 11632 | D:6      | Found an ancient bone altar of Kikubaaqudgha.
 11843 | D:6      | Upgraded the game from 0.21-a0-525-ga34b322 to 0.21-a0-528-gf531e82
 12083 | D:8      | Noticed Maurice
 12092 | D:8      | Killed Maurice
 12209 | D:8      | Killed Joseph
 12869 | D:9      | Found a transporter.
 12876 | D:9      | Noticed Erica
 12898 | D:9      | Killed Erica
 12898 | D:9      | Reached skill level 11 in Axes
 13029 | D:9      | Noticed a centaur warrior
 13052 | D:9      | Noticed a brown ugly thing
 13244 | D:9      | Reached **** piety under Cheibriados
 13423 | D:9      | Reached XP level 11. HP: 67/99 MP: 18/18
 13727 | D:9      | Noticed a tengu warrior
 13728 | D:9      | Reached skill level 10 in Fighting
 13738 | D:9      | Killed a tengu warrior
 13779 | D:9      | Reached skill level 12 in Axes
 13781 | D:9      | Killed a centaur warrior
 13785 | D:9      | HP: 5/101 [acid (4)]
 13787 | D:9      | Mangled by a brown ugly thing

Vault maps used:
D:1:      mrwooster_arrival_statue_3, minmay_split_cup_small
D:2:      gammafunk_temple_overflow_pools, uniq_terence, uniq_natasha
D:3:      lemuel_doored_altar
D:5:      minmay_temple_entry_statues, first_bread
D:6:      gammafunk_temple_overflow_claw
D:7:      uniq_duvessa, uniq_prince_ribbit1
D:8:      hangedman_little_slice_of_home, fedhas_bush_and_centaur_altar,
          uniq_gastronok, uniq_joseph, uniq_maurice
D:9:      gammafunk_the_bubble, uniq_erica

Skill      XL: |  1  2  3  4  5  6  7  8  9 10 11 |
---------------+----------------------------------+-----
Fighting       | 2 3 4 5 6 7 9 10 | 10.6
Armour         | 1 2 3 4 6 7 |  7.0
Axes           | 3 5 8 9 11 12 | 12.2
Invocations    | 3 5 8 9 10 | 10.1
Dodging        | 3 4 |  4.9
Short Blades   | |  1.0
Stealth        | |  0.7
Evocations     | |  3.0

Action                   |  1- 3 |  4- 6 |  7- 9 | 10-12 || total
-------------------------+-------+-------+-------+-------++-------
Melee: Short sword       |    91 |       |       |       ||    91
       Flail             |     6 |   136 |       |       ||   142
       Hand axe          |       |   122 |   382 |       ||   504
       War axe           |       |       |   187 |    73 ||   260
       Broad axe         |       |       |       |   166 ||   166
       Unarmed           |       |       |       |     1 ||     1
Invok: Bend Time         |       |       |     7 |     3 ||    10
       Slouch            |       |       |       |     3 ||     3
Evoke: Wand              |     1 |    13 |    23 |     6 ||    43
  Use: Scroll            |     2 |     8 |     8 |     2 ||    20
       Potion            |     1 |     4 |       |     2 ||     7
 Stab: Paralysed         |       |       |     5 |       ||     5
  Eat: Chunk             |     1 |    11 |    11 |     2 ||    25
       Royal jelly       |       |     1 |       |     2 ||     3
       Fruit             |       |       |     3 |       ||     3
Armor: Leather armour    |    11 |       |       |       ||    11
       Chain mail        |    33 |   206 |   245 |    87 ||   571
       Plate armour      |       |       |   108 |    29 ||   137
Dodge: Dodged            |    39 |   120 |   177 |   117 ||   453

Table legend:
 A = Spawn XP
 B = Non-spawn XP
 C = Spawn XP percentage of total XP
 D = Spawn monster count
 E = Non-spawn monster count
 F = Spawn count percentage of total count
 G = Total turns spent on level
                    A         B        C        D         E        F      G
               +---------+---------+-------+---------+---------+-------+---------
         Total |       0 |   12964 |   0.0 |       0 |     241 |   0.0 | 13787
               +---------+---------+-------+---------+---------+-------+---------
           D:1 |       0 |      43 |   0.0 |       0 |      23 |   0.0 |  1170
           D:2 |       0 |     278 |   0.0 |       0 |      21 |   0.0 |  1674
           D:3 |       0 |      56 |   0.0 |       0 |      18 |   0.0 |  1239
           D:4 |       0 |     595 |   0.0 |       0 |      23 |   0.0 |  2197
           D:5 |       0 |     615 |   0.0 |       0 |      28 |   0.0 |  2184
           D:6 |       0 |     327 |   0.0 |       0 |       7 |   0.0 |   737
           D:7 |       0 |    1621 |   0.0 |       0 |      30 |   0.0 |  1580
           D:8 |       0 |    3820 |   0.0 |       0 |      40 |   0.0 |  2069
           D:9 |       0 |    5609 |   0.0 |       0 |      51 |   0.0 |   937
               +---------+---------+-------+---------+---------+-------+---------
